 Dungeon Crawl Stone Soup version 0.30-a0-629-gd54f4be4f7 (webtiles) character file.

Game seed: 11533881474852403828

9 mandoloar the Shield-Bearer (level 2, 22/27 HPs)
             Began as a Minotaur Fighter on Jan 12, 2023.
             Quit the game on level 1 of the Dungeon.
             The game lasted 00:00:33 (151 turns).

mandoloar the Shield-Bearer (Minotaur Fighter)       Turns: 151, Time: 00:00:34

Health: 22/27      AC:  7    Str: 20    XL:     2   Next: 3%
Magic:  1/1        EV:  9    Int:  5    God:
Gold:   38         SH:  4    Dex:  9    Spells: 1/1 levels left

rFire   . . .      SeeInvis .    a - +0 war axe
rCold   . . .      Faith    .    c - +0 buckler
rNeg    . . .      Spirit   .    b - +0 scale mail
rPois   .          Reflect  .    (helmet restricted)
rElec   .          Harm     .    (no cloak)
rCorr   .          Rampage  .    (no gloves)
Will    .....                    (no boots) Stlth
                                 (no amulet)
HPRegen 0.24/turn                (no ring)
MPRegen 0.07/turn                (no ring)

@: no status effects
A: horns 2, retaliatory headbutt
a: no special abilities


You were on level 1 of the Dungeon.
You visited 1 branch of the dungeon, and saw 1 of its levels.

You collected 38 gold pieces.

Inventory:

Hand Weapons
 a - a +0 war axe (weapon)
Missiles
 e - 3 poisoned darts (quivered)
Armour
 b - a +0 scale mail (worn)
 c - a +0 buckler (worn)
Potions
 d - a potion of might
 f - a potion of lignification {unknown}
 g - a potion of heal wounds {unknown}


   Skills:
 + Level 3.8 Fighting
 + Level 2.6 Axes
 + Level 3.8 Armour
 + Level 3.8 Shields


You had one spell level left.
You didn't know any spells.
Your spell library was empty.

Dungeon Overview and Level Annotations

Branches:
Dungeon (1/15)

Altars:


Innate Abilities, Weirdness & Mutations

You have a pair of horns on your head.
You reflexively headbutt those who attack you in melee.


Message History

The endoplasm quivers.
An endoplasm is nearby!
An endoplasm is nearby!
A quokka comes into view.
Found a bubbling inky potion.
Found a chain mail.
Found a coppery potion.
The endoplasm freezes you.
You are frozen.
You slash the endoplasm!
You kill the endoplasm!
The quokka bites you but does no damage.
You slash the quokka!
You kill the quokka!
No target in view!
Found a robe.
f - a bubbling inky potion
g - a coppery potion 2 jackals come into view.
The jackal barks! x2
You closely miss the jackal.
The jackal bites you but does no damage.
You closely miss the jackal. The jackal barely misses you.
You miss the jackal. Your headbutt misses the jackal.
The jackal bites you but does no damage.
You barely miss the jackal.
The jackal bites you but does no damage. x2
You barely miss the jackal. The jackal bites you.
The jackal bites you but does no damage.
You hit the jackal.
You kill the jackal!
The jackal bites you.
You have reached level 2!
You hit the jackal.
The jackal is moderately wounded.
The jackal bites you but does no damage.
The jackal bites you.
Are you sure you want to abandon this character and quit the game? (Confirm with "yes".)
Okay, then.
Are you sure you want to abandon this character and quit the game? (Confirm with "yes".)

#.........# #.........#
#####.........#
#...#.........#
#.#...........###
..###.#.#...........##
.....................###
........................
.#####@#.........###.##
#h#[........# #.##
..#.........# #...
##.##....[..## ###.
#.###.....## ## #.#
#.##### # #.# #.# # #..
#.. # #


You could see a jackal.

Vanquished Creatures
  A ball python (D:1)
  2 bats (D:1)
  An endoplasm (D:1)
  A giant cockroach (D:1)
  A jackal (D:1)
  A quokka (D:1)
7 creatures vanquished.

Notes
Turn   | Place    | Note
-------+----------+-------------------------------------------
     0 | D:1      | mandoloar the Minotaur Fighter began the quest for the Orb.
     0 | D:1      | Reached XP level 1. HP: 19/19 MP: 0/0
   150 | D:1      | Reached XP level 2. HP: 25/27 MP: 1/1
   151 | D:1      | Quit the game

Illustrated notes

Levels and vault maps discovered:
D:1:      minmay_arrival_open_corners, layout_rooms

Action                   || total
-------------------------++-------
Melee: War axe           ||    14
       Headbutt          ||     1
Armor: Scale mail        ||    10
Dodge: Dodged            ||     1

Table legend: (Time is in decaauts)
 A = Elapsed time spent in this place.
 B = Non-inter-level travel time spent in this place.
 C = Inter-level travel time spent in this place.
 D = Time resting spent in this place.
 E = Time spent auto-exploring this place.
 F = Levels seen in this place.
 G = Mean time per level.
                   A        B        C        D        E       F      G
               +--------+--------+--------+--------+--------+-----+--------+
         Total |    156 |    156 |      0 |      0 |    112 |   1 |  156.0 |
       Dungeon |    156 |    156 |      0 |      0 |    112 |   1 |  156.0 |
               +--------+--------+--------+--------+--------+-----+--------+

Top non-repeatable levels by time:
     D:1: 156 daAuts
